 Dungeon Crawl Stone Soup version 0.27.1-2-g3b301248ec (webtiles) character file.

Game seed: 9131096424293418026

637121 speeev33 the Conqueror (level 27, -7/179 HPs)
             Began as a Gargoyle Fighter on Sept 28, 2021.
             Was the Champion of Okawaru.
             Killed from afar by a black draconian scorcher (29 damage)
             ... with damnation
             ... on level 4 of the Realm of Zot on Sept 30, 2021.
             The game lasted 03:02:25 (70637 turns).

speeev33 the Conqueror (Gargoyle Fighter)          Turns: 70637, Time: 03:02:33

Health: -7/179     AC: 68    Str: 55    XL:     27
Magic:  9/9        EV:  4    Int: 23    God:    Okawaru [******]
Gold:   2646       SH: 44    Dex:  9    Spells: 26/26 levels left

rFire    + . .     SeeInvis +   u - +5 demon whip "Spellbinder" {antimagic, Will+}
rCold    + + +     Faith    .   R - +18 shield of the Gong {rElec rN+ Will+ EV-5}
rNeg     + + .     Spirit   .   X - +8 orange crystal plate armour {Archmagi, Int+3 Clar}
rPois    ∞         Reflect  +   J - +2 helmet {SInv}
rElec    +         Harm     .   Z - +2 cloak of Mouluth {Rampage rF- Str+9}
rCorr    .         Rampage  ∞   l - -1 pair of gloves "Pighycon" {Slay+6}
Will     +++++     Archmagi +   D - +3 pair of seven-league boots {Rampage+∞} Stlth ..........Clarity +
                                M - amulet of reflection
HPRegen  1.39/turn              G - ring "Guli" {rPois rF++ Will+ Str+9 Stlth-}
MPRegen  0.11/turn              V - ring of Qavuitup {*Corrode rC+++ Str+6 Int+9 Stlth-}

@: flying, studying 2 skills
A: sickness immunity, AC +20, big wings, negative energy resistance 1,
electricity resistance, torment resistance 1, petrification resistance, deformed
body, frail 1, regeneration 1, screaming 1, shaggy fur 1, subdued magic 1
}: 3/15 runes: serpentine, barnacled, silver
a: Renounce Religion, Heroism, Finesse


You were on level 4 of the Realm of Zot.
You worshipped Okawaru.
Okawaru was exalted by your worship.
You visited 10 branches of the dungeon, and saw 49 of its levels.
You visited the Abyss 2 times.

You collected 9697 gold pieces.
You spent 7051 gold pieces at shops.

Inventory:

Hand Weapons
 u - the +5 demon whip "Spellbinder" (weapon) {antimagic, Will+}
   (You took it off a balrug on level 5 of the Depths)

   It reduces the magical energy of the wielder, and disrupts the spells and
   magical abilities of those it strikes.
   Natural abilities and divine invocations are not affected.
   It unleashes wild and unpredictable magical effects upon striking a wizard or
   a creature with magical abilities.
   Will:      It increases your willpower.
 z - the +5 eveningstar of Excruciating Pain {vorpal, rF++ Int-4 Dex+7}
   (Okawaru gifted it to you on level 6 of the Lair of Beasts)

   It inflicts extra damage upon your enemies.
   Int:       It affects your intelligence (-4).
   Dex:       It affects your dexterity (+7).
   rF:        It greatly protects you from fire.
Missiles
 B - 11 throwing nets (quivered)
Armour
 l - the -1 pair of gloves "Pighycon" (worn) {Slay+6}
   (Okawaru gifted it to you on level 4 of the Snake Pit)

   Slay:      It affects your accuracy & damage with ranged weapons and melee
   (+6).
 D - the +3 pair of seven-league boots (worn) {Rampage+∞}
   (You acquired it on level 9 of the Dungeon)

   Its wearer moves as far as possible in that direction when moving towards
   enemies.
 J - a +2 helmet of see invisible (worn)
 P - a +1 hat of willpower
 R - the +18 shield of the Gong (worn) {rElec rN+ Will+ EV-5}
   (You bought it in a shop on level 3 of the Snake Pit)

   It is deafeningly noisy when blocking attacks.
   EV:        It affects your evasion (-5).
   rElec:     It insulates you from electricity.
   rN:        It protects you from negative energy.
   Will:      It increases your willpower.
 X - the +8 orange crystal plate armour (worn) {Archmagi, Int+3 Clar}
   (You took it off a deep elf blademaster on level 2 of the Elven Halls)

   Int:       It affects your intelligence (+3).
   Clar:      It protects you against confusion.
 Z - the +2 cloak of Mouluth (worn) {Rampage rF- Str+9}
   (You found it on level 3 of the Elven Halls)

   Str:       It affects your strength (+9).
   rF:        It makes you vulnerable to fire.
   Rampage:   It bestows one free step when moving towards enemies.
Jewellery
 g - the amulet "Sotruj" {Acrobat Will+ MP+9 Slay+2}
   (You took it off a yaktaur captain on level 5 of the Vaults)

   [amulet of the acrobat]

   It increases your evasion while moving and waiting.
   Slay:      It affects your accuracy & damage with ranged weapons and melee
   (+2).
   MP:        It affects your magic capacity (+9).
   Will:      It increases your willpower.
 G - a ring "Guli" (left hand) {rPois rF++ Will+ Str+9 Stlth-}
   (You acquired it on level 2 of the Orcish Mines)

   [ring of willpower]

   Str:       It affects your strength (+9).
   rF:        It greatly protects you from fire.
   rPois:     It protects you from poison.
   Will:      It increases your willpower.
   Stlth:     It makes you less stealthy.
 M - an amulet of reflection (around neck)
 Q - the ring of the Mage {Wiz Will++ Int+3}
   (You took it off a deep elf death mage on level 3 of the Elven Halls)

   [ring of wizardry]

   It improves your spell success rate.
   Int:       It affects your intelligence (+3).
   Will:      It greatly increases your willpower.
 V - the ring of Qavuitup (right hand) {*Corrode rC+++ Str+6 Int+9 Stlth-}
   (You bought it in a shop on level 3 of the Snake Pit)

   [ring of strength]

   Str:       It affects your strength (+6).
   Int:       It affects your intelligence (+9).
   rC:        It renders you almost immune to cold.
   *Corrode:  It may corrode you when you take damage.
   Stlth:     It makes you less stealthy.
Wands
 a - a wand of flame (105)
 p - a wand of mindburst (25)
 v - a wand of digging (35)
 w - a wand of polymorph (35)
 y - a wand of paralysis (45)
 H - a wand of charming (15)
 L - a wand of iceblast (47)
 O - a wand of acid (35)
Scrolls
 d - 7 scrolls of enchant weapon
 f - 10 scrolls of fog
 h - 2 scrolls of magic mapping
 n - 33 scrolls of identify
 o - 7 scrolls of fear
 q - 31 scrolls of teleportation
 C - 4 scrolls of summoning
 E - 2 scrolls of holy word
 F - 7 scrolls of amnesia
 I - 5 scrolls of brand weapon
 S - 5 scrolls of blinking
 W - 2 scrolls of enchant armour
 Y - a scroll of silence
Potions
 b - 5 potions of heal wounds
 e - 16 potions of curing
 i - 5 potions of mutation
 j - 2 potions of invisibility
 k - 2 potions of berserk rage
 m - 8 potions of lignification
 r - 9 potions of ambrosia
 s - 7 potions of brilliance
 t - 10 potions of haste
 x - 7 potions of magic
 N - a potion of might
 U - 2 potions of resistance
Miscellaneous
 c - a condenser vane
 A - a lightning rod (4/4)
 K - a phantom mirror
 T - a lightning rod (4/4)


   Skills:
 O Level 27 Fighting
 - Level 16.0 Maces & Flails
 O Level 27 Armour
 - Level 25.0 Shields
 - Level 8.0 Invocations
 + Level 13.1 Evocations


You had 26 spell levels left.
You didn't know any spells.
Your spell library contained the following spells:

 Spells                   Type           Power      Damage    Failure   Level
 Animate Skeleton         Necr           0%         N/A       32%         1
 Apportation              Tloc           0%         N/A       32%         1
 Beastly Appendage        Tmut           0%         N/A       32%         1
 Corona                   Hex            0%         N/A       32%         1
 Foxfire                  Conj/Fire      0%         2x1d4     32%         1
 Magic Dart               Conj           0%         1d3       32%         1
 Pain                     Necr           0%         1d4       32%         1
 Sandblast                Erth           0%         2d4       32%         1
 Shock                    Conj/Air       0%         1d3       32%         1
 Summon Small Mammal      Summ           0%         N/A       32%         1
 Blink                    Tloc           N/A        N/A       47%         2
 Call Imp                 Summ           0%         N/A       47%         2
 Slow                     Hex            0%         N/A       47%         2
 Static Discharge         Conj/Air       0%         N/A       47%         2
 Wereblood                Tmut           0%         N/A       47%         2
 Call Canine Familiar     Summ           0%         N/A       71%         3
 Confusing Touch          Hex            0%         N/A       71%         3
 Conjure Flame            Conj/Fire      0%         6-21      71%         3
 Dazzling Flash           Conj/Hex       0%         N/A       71%         3
 Frozen Ramparts          Ice            0%         1d2       71%         3
 Gell's Gravitas          Tloc           0%         N/A       71%         3
 Ignite Poison            Fire/Tmut/Pois 0%         N/A       71%         3
 Inner Flame              Hex/Fire       0%         N/A       71%         3
 Lesser Beckoning         Tloc           0%         N/A       71%         3
 Mephitic Cloud           Conj/Pois/Air  0%         N/A       71%         3
 Ozocubu's Armour         Ice            0%         N/A       71%         3
 Portal Projectile        Hex/Tloc       0%         N/A       71%         3
 Spider Form              Tmut/Pois      0%         N/A       71%         3
 Stone Arrow              Conj/Erth      0%         3d7       71%         3
 Summon Guardian Golem    Hex/Summ       0%         N/A       71%         3
 Swiftness                Air            0%         N/A       71%         3
 Teleport Other           Tloc           0%         N/A       71%         3
 Tukima's Dance           Hex            0%         N/A       71%         3
 Vampiric Draining        Necr           0%         2d6       71%         3
 Airstrike                Air            0%         N/A       98%         4
 Animate Armour           Summ/Erth      0%         N/A       98%         4
 Cause Fear               Hex            0%         N/A       98%         4
 Ice Form                 Ice/Tmut       0%         N/A       98%         4
 Olgreb's Toxic Radiance  Pois           0%         N/A       98%         4
 Petrify                  Tmut/Erth      0%         N/A       98%         4
 Sticky Flame             Conj/Fire      0%         2d3       98%         4
 Summon Ice Beast         Ice/Summ       0%         N/A       98%         4
 Agony                    Necr           0%         N/A       100%        5
 Blade Hands              Tmut           0%         N/A       100%        5
 Bolt of Magma            Conj/Fire/Erth 0%         4d4       100%        5
 Excruciating Wounds      Necr           0%         N/A       100%        5
 Fireball                 Conj/Fire      0%         3d3       100%        5
 Irradiate                Conj/Tmut      0%         3d14      100%        5
 Iskenderun's Battlesphe  Conj           0%         2d6       100%        5
 Lightning Bolt           Conj/Air       0%         1d11      100%        5
 Manifold Assault         Tloc           0%         N/A       100%        5
 Metabolic Englaciation   Hex/Ice        0%         N/A       100%        5
 Silence                  Hex/Air        0%         N/A       100%        5
 Summon Forest            Summ/Tloc      0%         N/A       100%        5
 Summon Mana Viper        Hex/Summ       0%         N/A       100%        5
 Yara's Violent Unravell  Hex/Tmut       0%         3d3       100%        5
 Conjure Ball Lightning   Conj/Air       0%         3x3d6     100%        6
 Dispersal                Tloc           0%         N/A       100%        6
 Eringya's Noxious Bog    Tmut/Pois      0%         N/A       100%        6
 Iron Shot                Conj/Erth      0%         9d1       100%        6
 Shadow Creatures         Summ           N/A        N/A       100%        6
 Simulacrum               Ice/Necr       0%         N/A       100%        6
 Starburst                Conj/Fire      0%         6d3       100%        6
 Dragon Form              Tmut           0%         N/A       100%        7
 Orb of Destruction       Conj           0%         N/A       100%        7
 Ozocubu's Refrigeration  Ice            0%         4d5       100%        7
 Spellforged Servitor     Conj/Summ      0%         N/A       100%        7
 Summon Hydra             Summ           0%         N/A       100%        7
 Borgnjor's Revivificati  Necr           0%         N/A       100%        8
 Discord                  Hex            0%         N/A       100%        8
 Ignition                 Fire           0%         3d3       100%        8
 Maxwell's Capacitive Co  Air            0%         ∞         100%        8
 Necromutation            Tmut/Necr      0%         N/A       100%        8
 Chain Lightning          Conj/Air       0%         N/A       100%        9
 Death's Door             Necr           0%         N/A       100%        9
 Fire Storm               Conj/Fire      0%         5d1       100%        9
 Shatter                  Erth           0%         3d5*      100%        9
 Sublimation of Blood     Necr           Unusable   N/A       N/A         2

Dungeon Overview and Level Annotations

Branches:
Dungeon (15/15)            Temple (1/1) D:7            Lair (6/6) D:9
 Shoals (4/4) Lair:4        Snake (4/4) Lair:2        Slime (0/5) Lair:6
    Orc (2/2) D:10            Elf (3/3) Orc:2        Vaults (5/5) D:13
  Crypt (0/3) Vaults:3     Depths (5/5) D:15            Zot (4/5) Depths:5

Altars:
Ashenzari
Cheibriados
Dithmenos
Fedhas
Gozag
Hepliaklqana
Kikubaaqudgha
Makhleb
Nemelex Xobeh
Okawaru
Qazlal
Ru
Sif Muna
Trog
Uskayaw
Vehumet
Wu Jian
Xom
Yredelemnul
Zin
The Shining One
Jiyva
Lugonu

Shops:
D:2 *   Orc:1 *:**:   Orc:2 !![[   Elf:2 [?   Snake:2 **   Snake:3 [(!*
Vaults:1 *   Vaults:4 :   Vaults:5 *   Depths:1 =:=

Portals:
Hell: Depths:1 Depths:2 Depths:4 Depths:5
Abyss: Lair:6 Depths:4
Pandemonium: Depths:3 Depths:4
Ziggurat: Depths:1
Trove: D:10 (give horn of Geryon)

Annotations:
Shoals:1 1 runed translucent door, fearitself's ghost, adept MiBe
Snake:3 1 runed translucent door, Eryximachus's ghost, adept TeAE


Innate Abilities, Weirdness & Mutations

You are immune to sickness and miasma.
Your stone body is resilient. (AC +20)
You are immune to poison.
Your large and strong wings let you fly.
You resist negative energy. (rN+)
You are resistant to electric shocks. (rElec)
You are resistant to unholy torment.
You are immune to petrification.
Armour fits poorly on your strangely shaped body.
You are frail. (-10% HP)
Your natural rate of healing is unusually fast.
You occasionally shout uncontrollably at your foes.
You are covered in fur. (AC +1)
Your spells are a little easier to cast, but a little less powerful.


Message History

SHROANNG!
The purple draconian monk tail-slaps you but does no damage.
You thrash the purple draconian monk!!
You kill the purple draconian monk!
Okawaru accepts your kill.
You are engulfed in blazing flames.
You resist.
The purple draconian shifter points at you and mumbles some strange words.
You blink.
The black draconian scorcher gestures at you while chanting.
The sphere of damnation explodes!
The damnation engulfs you!!
You hear a roar!
The red draconian breathes fire at you. The searing blast hits you! You resist.
Your corrosive artefact corrodes you!
You block the black draconian scorcher's attack.
BOUMMMMG!
You hear a roar!
The purple draconian shifter blinks!
The red draconian breathes fire at you. The searing blast hits you. You resist.
You block the black draconian scorcher's attack.
GONNNNG!
The red draconian breathes fire at you. The searing blast hits you! You resist.
The black draconian scorcher breathes lightning at you.
The bolt of lightning hits you! You resist.
* * * LOW HITPOINT WARNING * * *
The bolt of lightning hits you. You resist.
* * * LOW HITPOINT WARNING * * *
The purple draconian shifter breathes dispelling energy at you.
The bolt of dispelling energy hits you!!
Your magical effects are unravelling.
* * * LOW HITPOINT WARNING * * *
You block the red draconian's attack.
PANG!
You hear a roar!
Blink to where?
Press: ? - help, Dir - move target
As you read the scroll of blinking, it crumbles to dust.
You are no longer corroded.
The black draconian scorcher points at you and mumbles some strange words.
The sphere of damnation explodes!
The damnation engulfs you!!
You die...

..................#
.............#....# #.#
.............#....#
..##..................#
....................)
... ............... #y.
#...###...# #z#
#...q....@#
#f######.......[.###
.§y...)..)........°#
#f############..d..#
#.# ....##.)qd☼# #.#
.......).☼## #.#
.........○# ...
........^.# ...
..........#


You could see 2 draconians, a purple draconian shifter and a black draconian
scorcher (catching breath).

Vanquished Creatures
  A dread lich (Vaults:4)
  An ancient lich (Vaults:4)
  3 orbs of fire
  A juggernaut (Depths:3)
  Sojobo (D:15)
  Frederick (Vaults:2)
  A Killer Klown (Zot:2)
  2 curse toes
  A caustic shrike (Depths:4)
  14 golden dragons
  Nikola (Shoals:2)
  Jory (Depths:4)
  the Enchantress (Depths:4)
  2 bone dragons
  2 electric golems
  15 tentacled monstrosities
  4 liches
  A deep elf blademaster (Elf:2)
  7 titans
  A deep elf master archer (Elf:3)
  9 quicksilver dragons
  The ghost of fortune76 the Spry, an adept DjIE of Cheibriados (Elf:3)
  The ghost of Jipob the Peltast, an adept MiBe of Trog (Lair:6)
  5 tentacled starspawn
  7 death cobs
  8 sphinxes
  8 tengu reavers
  8 draconian monks
  12 storm dragons
  7 shadow dragons
  Donald (Snake:2)
  An azure jelly (shapeshifter) (Elf:3)
  A rockslime (shapeshifter) (Depths:5)
  The ghost of TheGamechu the Warrior, a journeyman MiBe of Trog (Snake:2)
  5 nagarajas
  2 balrugs (Depths:5)
  7 fire giants
  8 draconian scorchers
  10 deep elf sorcerers
  12 frost giants
  A fire giant (shapeshifter) (Elf:3)
  8 draconian knights
  3 iron dragons
  Louise (Shoals:4)
  A caustic shrike zombie (Depths:4)
  2 orc warlords
  4 draconian stormcallers
  2 draconian shifters (Zot:2)
  Aizul (Shoals:2)
  A curse skull (Vaults:3)
  11 vault wardens
  7 war gargoyles
  19 ironbound preservers
  6 draconian annihilators
  41 very ugly things
  3 spriggan defenders (Depths:4)
  17 stone giants
  11 green draconians
  5 deep elf demonologists
  Azrael (Orc:2)
  A lorocyproca (Depths:3)
  3 deep elf annihilators (Elf:3)
  9 white draconians
  14 purple draconians
  7 black draconians
  A bunyip (shapeshifter) (Elf:3)
  4 minotaurs
  8 red draconians
  The ghost of trendoffender the Fighter, a journeyman MiBe of Trog (Lair:1)
  12 yellow draconians
  4 spark wasps (Depths:4)
  2 merfolk javelineers
  6 merfolk impalers
  22 ettins
  3 jiangshi (Depths:3)
  7 deep elf death magi
  4 fire dragons
  2 crystal guardians (Vaults:4)
  A fire dragon (shapeshifter) (Elf:3)
  16 ice dragons
  15 yaktaur captains
  Josephine (Orc:1)
  10 great orbs of eyes
  8 deep elf high priests
  The ghost of pkoi the Grappler, a journeyman TrMo of Okawaru (Lair:3)
  6 salamander tyrants
  4 ironbound thunderhulks
  5 peacekeepers
  39 vault guards
  Harold (D:8)
  11 ironbound frosthearts
  13 naga warriors
  A hell beast (Depths:5)
  7 boulder beetles
  5 catoblepae
  An ogre mage (Orc:1)
  9 rakshasas
  10 hydras
  19 centaur warriors
  An alligator snapping turtle (Shoals:3)
  6 spriggan air magi
  4 merfolk avatars
  An anaconda (shapeshifter) (Depths:2)
  9 anacondas
  8 satyrs (Shoals:4)
  4 tengu warriors
  12 two-headed ogres
  A merfolk aquamancer (Shoals:3)
  6 deep troll shamans
  16 death yaks
  27 dancing weapons
  13 deep troll earth magi
  3 vampire magi
  6 spriggan berserkers
  A hell hog (Depths:5)
  12 naga sharpshooters
  4 orc high priests
  3 ironbound beastmasters
  7 thrashing horrors
  Nergalle (D:12)
  8 shock serpents
  4 soul eaters (Depths:5)
  15 deep elf knights
  14 hell knights
  Sonja (Orc:2)
  7 iron trolls
  5 sun demons (Depths:5)
  3 wretched stars
  2 sixfirhies
  A titan skeleton (Depths:4)
  2 skeletal warriors (D:15)
  10 sea snakes
  A flayed ghost (D:15)
  3 starcursed masses (Abyss:3)
  62 deep trolls
  A salamander mystic (Snake:3)
  A swamp dragon (shapeshifter) (Vaults:5)
  15 wizards
  7 deep elf archers
  An obsidian statue (Snake:2)
  A shadow dragon zombie (Depths:4)
  19 harpies
  2 tengu zombies
  A torturous demonspawn (Depths:3)
  4 glowing orange brains
  24 ironbound convokers
  8 naga ritualists
  10 necromancers
  9 orc knights
  7 lindwurms
  3 phantasmal warriors
  A stone giant zombie (D:15)
  15 mana vipers
  A shining eye (shapeshifter) (Vaults:5)
  5 cyclopes
  21 deep elf pyromancers
  14 fauns
  5 orc sorcerers
  A tengu skeleton (Vaults:1)
  An oklob plant (Lair:3)
  19 manticores
  A frost giant zombie (D:15)
  21 deep elf zephyrmancers
  20 slime creatures
  A spriggan zombie (Depths:4)
  63 ugly things
  21 vault sentinels
  A moth of wrath (shapeshifter) (Vaults:4)
  A salamander (shapeshifter) (D:15)
  9 salamanders
  22 moths of wrath
  13 elephants
  7 guardian serpents
  A rust devil (Depths:3)
  2 orange demons
  10 merfolk sirens
  13 naga magi
  A fire giant skeleton (Depths:4)
  A black mamba (shapeshifter) (Vaults:5)
  55 black mambas
  A centaur zombie (D:10)
  A guardian serpent (shapeshifter) (Elf:3)
  A torpor snail (Lair:3)
  5 water nymphs
  14 cane toads
  6 smoke demons
  A gargoyle (D:8)
  3 hellions
  4 unseen horrors
  Maggie (D:8)
  3 rime drakes
  An efreet (D:15)
  2 kobold demonologists
  4 freezing wraiths
  A tengu conjurer (D:15)
  2 hellwings (Depths:3)
  14 yaktaurs
  2 red devils
  3 ancient zymes
  10 komodo dragons
  A queen bee (D:11)
  39 merfolk
  12 trolls
  A queen bee (shapeshifter) (Elf:3)
  A raiju (shapeshifter) (Elf:3)
  13 wind drakes
  A polar bear (Lair:5)
  2 hornets
  6 large abominations
  A raiju (Abyss:2)
  33 blink frogs
  7 snapping turtles
  10 dream sheep
  Prince Ribbit (D:8)
  An elf zombie (Depths:4)
  A centaur simulacrum (D:9)
  Sigmund (D:3)
  2 ettin skeletons
  10 water elementals
  2 spriggans
  An air elemental (Elf:1)
  2 ynoxinuls
  9 wraiths
  24 yaks
  3 wyverns (Lair:4)
  Grum (D:9)
  7 fire elementals
  6 chaos spawn
  A hog (shapeshifter) (Elf:3)
  A steam dragon (D:8)
  9 basilisks
  10 vampire mosquitoes
  2 neqoxecs
  2 wargs
  2 swamp worms (shapeshifter)
  2 acid dragons (D:8)
  46 nagas
  5 hell hounds (Orc:2)
  22 water moccasins
  21 orc warriors
  2 ice beasts
  2 sky beasts
  3 black bears
  18 small abominations
  17 ogres
  6 wolves
  An ettin simulacrum (Vaults:1)
  14 centaurs
  19 kobold brigands
  11 bullfrogs
  A gnoll sergeant (D:9)
  5 earth elementals
  9 scorpions
  A cane toad simulacrum (Lair:5)
  A water moccasin zombie (D:6)
  An orc simulacrum (Vaults:1)
  2 water moccasin skeletons
  24 killer bees (D:11)
  An electric eel (Elf:3)
  11 wights
  7 howler monkeys
  2 bullfrog zombies
  2 quasits (Abyss:2)
  2 hounds (D:6)
  6 jellies
  A centaur skeleton (D:7)
  14 orc priests
  8 iguanas
  11 orc wizards
  2 howler monkey zombies (D:9)
  9 gnolls
  A howler monkey skeleton (D:7)
  7 adders
  A white imp (D:8)
  An ufetubus (D:6)
  2 worms
  2 dart slugs
  52 orcs
  3 bats
  9 endoplasms
  16 giant cockroaches
  7 goblins
  6 hobgoblins
  8 jackals
  20 kobolds
  3 quokkas
  6 ball pythons
  2 frilled lizards
  7 rats
  2 starspawn tentacles (Abyss:2)
2123 creatures vanquished.

Vanquished Creatures (collateral kills)
  A titan (Vaults:4)
  A shadow dragon (Vaults:5)
  A giant cockroach (D:1)
  A frilled lizard (D:1)
4 creatures vanquished.

Vanquished Creatures (others)
  A nagaraja (Snake:4)
  A deep elf knight (Elf:2)
  A wizard (Vaults:4)
  A golden dragon skeleton (Depths:4)
  A manticore (Shoals:2)
  3 deep elf pyromancers
  A guardian serpent (Snake:3)
  A wind drake (Shoals:2)
  A merfolk (Shoals:2)
  An elf simulacrum (Depths:4)
  An orc warrior (Vaults:5)
  2 wolves (Depths:3)
  2 orc wizards (Orc:2)
  An ufetubus (Abyss:2)
  A bush (Depths:1)
  17 fungi
  67 plants
  11 starspawn tentacles
  A withered plant (D:15)
115 creatures vanquished.

Grand Total: 2242 creatures vanquished

Notes
Turn   | Place    | Note
-------+----------+-------------------------------------------
     0 | D:1      | speeev33 the Gargoyle Fighter began the quest for the Orb.
     0 | D:1      | Reached XP level 1. HP: 14/14 MP: 1/1
   433 | D:1      | Reached XP level 2. HP: 13/19 MP: 2/2
   973 | D:1      | Reached XP level 3. HP: 22/23 MP: 3/3
  1130 | D:1      | Found a faded altar of an unknown god.
  1585 | D:2      | Reached XP level 4. HP: 29/29 MP: 4/4
  1609 | D:2      | Found a hazy altar of Hepliaklqana.
  2028 | D:2      | Found Jeuph's General Store.
  2196 | D:3      | Noticed an ice beast
  2207 | D:3      | Killed an ice beast
  2208 | D:3      | Reached XP level 5. HP: 26/34 MP: 5/5
  2981 | D:3      | Reached XP level 6. HP: 39/39 MP: 6/6
  2992 | D:3      | Noticed Sigmund
  3006 | D:3      | Killed Sigmund
  3371 | D:3      | Reached skill level 5 in Armour
  3436 | D:4      | Reached skill level 5 in Fighting
  3589 | D:4      | Reached skill level 5 in Shields
  3589 | D:4      | Reached XP level 7. HP: 22/44 MP: 7/7
  4082 | D:4      | Found a basalt altar of Yredelemnul.
  4826 | D:5      | Entered Level 5 of the Dungeon
  5096 | D:5      | Reached XP level 8. HP: 51/51 MP: 8/8
  5666 | D:5      | Found a radiant altar of Vehumet.
  5726 | D:5      | Reached skill level 5 in Maces & Flails
  5863 | D:6      | Found a burning altar of Makhleb.
  6300 | D:6      | Reached XP level 9. HP: 56/56 MP: 9/9
  6367 | D:6      | Noticed a six-headed hydra
  6385 | D:6      | Killed a six-headed hydra
  6881 | D:7      | Noticed a hornet
  6898 | D:7      | Killed a hornet
  7167 | D:7      | Found a large runed translucent door.
  7167 | D:7      | Found a large runed translucent door.
  7174 | D:7      | Noticed a red ugly thing
  7181 | D:7      | Found a large runed translucent door.
  7181 | D:7      | Found a large runed translucent door.
  7211 | D:7      | Killed a red ugly thing
  7320 | D:7      | Reached XP level 10. HP: 63/64 MP: 10/10
  7348 | D:7      | Identified the +5 halberd "Siomue" {freeze, Drain rC+
                  | Stlth+}
  7542 | D:7      | Found a staircase to the Ecumenical Temple.
  7572 | D:7      | Got Wizardry, Part One
  7602 | Temple   | Entered the Ecumenical Temple
  7621 | Temple   | Became a worshipper of Warmaster Okawaru
  7935 | D:8      | Noticed Prince Ribbit
  7947 | D:8      | Killed Prince Ribbit
  7985 | D:8      | Noticed Maggie
  8156 | D:8      | Noticed Harold
  8166 | D:8      | Noticed a centaur warrior
  8181 | D:8      | Killed Harold
  8181 | D:8      | Reached * piety under Okawaru
  8184 | D:8      | Killed a centaur warrior
  8184 | D:8      | Reached ** piety under Okawaru
  8218 | D:8      | Reached XP level 11. HP: 63/71 MP: 11/11
  8237 | D:8      | Killed Maggie
  8273 | D:8      | Reached *** piety under Okawaru
  8355 | D:8      | Noticed a red ugly thing
  8364 | D:8      | Killed a red ugly thing
  8379 | D:8      | Reached skill level 10 in Fighting
  8379 | D:8      | Reached skill level 10 in Armour
  8379 | D:8      | Reached skill level 10 in Shields
  8418 | D:8      | Noticed a boulder beetle
  8433 | D:8      | Killed a boulder beetle
  8457 | D:8      | Reached **** piety under Okawaru
  8481 | D:8      | Noticed a manticore
  8493 | D:8      | Killed a manticore
  8808 | D:8      | Identified the +0 scale mail of Wariness {rC+}
  8995 | D:8      | Found a bloodstained altar of Trog.
  8996 | D:8      | Found a glowing silver altar of Zin.
  8996 | D:8      | Found a blossoming altar of Fedhas.
  8996 | D:8      | Found a shimmering altar of Xom.
  9179 | D:9      | Noticed a two-headed ogre
  9192 | D:9      | Killed a two-headed ogre
  9192 | D:9      | Received a gift from Okawaru
  9232 | D:9      | Found a staircase to the Lair.
  9346 | D:9      | Identified a scroll of acquirement
  9346 | D:9      | Acquired the +3 pair of seven-league boots {Rampage+∞}
  9346 | D:9      | Found the +3 pair of seven-league boots {Rampage+∞}
  9382 | D:9      | Noticed Grum
  9395 | D:9      | Reached ***** piety under Okawaru
  9963 | D:9      | Killed Grum
  9989 | D:9      | Noticed a two-headed ogre
 10022 | D:9      | Killed a two-headed ogre
 10023 | D:9      | Reached XP level 12. HP: 62/79 MP: 12/12
 10392 | D:9      | Identified the +5 flail "Guatuc" {vorpal, rElec Str-4
                  | Int+2}
 10488 | Lair:1   | Entered Level 1 of the Lair of Beasts
 10571 | Lair:1   | Received a gift from Okawaru
 10836 | Lair:1   | Reached skill level 10 in Maces & Flails
 10842 | Lair:1   | Reached skill level 1 in Invocations
 10857 | Lair:1   | Found the +8 whip "Snakebite" {venom, curare, rPois}
 11168 | Lair:1   | Noticed a death yak
 11200 | Lair:1   | Killed a death yak
 11349 | Lair:1   | Noticed a death yak
 11350 | Lair:1   | Noticed a death yak
 11350 | Lair:1   | Noticed a death yak
 11380 | Lair:1   | Killed a death yak
 11393 | Lair:1   | Killed a death yak
 11402 | Lair:1   | Killed a death yak
 11456 | Lair:1   | Noticed a six-headed hydra
 11482 | Lair:1   | Killed a six-headed hydra
 11661 | Lair:1   | Found a runed translucent gate.
 11661 | Lair:1   | Found a runed translucent gate.
 11661 | Lair:1   | Found a runed translucent gate.
 11902 | Lair:1   | Found a viscous altar of Jiyva.
 11902 | Lair:1   | Noticed trendoffender's ghost (journeyman MiBe)
 12068 | Lair:2   | Received a gift from Okawaru
 12171 | Lair:2   | Found a staircase to the Snake Pit.
 12317 | Lair:2   | Noticed a four-headed hydra
 12331 | Lair:2   | Killed a four-headed hydra
 12448 | Lair:2   | Reached skill level 5 in Invocations
 12448 | Lair:2   | Reached XP level 13. HP: 86/86 MP: 16/16
 12945 | Lair:3   | Noticed a minotaur
 12945 | Lair:3   | Noticed pkoi's ghost (journeyman TrMo)
 13282 | Lair:3   | Reached ****** piety under Okawaru
 13327 | Lair:3   | Identified the +2 cloak of the Evening {Slay+2} (Okawaru
                  | gifted it to you on level 3 of the Lair of Beasts)
 13327 | Lair:3   | Received a gift from Okawaru
 13535 | Lair:3   | Found a snail-covered altar of Cheibriados.
 13858 | Lair:3   | Found a runed translucent gate.
 13858 | Lair:3   | Found a runed translucent gate.
 13858 | Lair:3   | Found a runed translucent gate.
 14236 | Lair:4   | Found a staircase to the Shoals.
 14287 | Lair:4   | Received a gift from Okawaru
 14496 | Lair:4   | Received a gift from Okawaru
 14497 | Lair:4   | Gained mutation: Your large and strong wings let you fly.
                  | [Gargoyle growth]
 14497 | Lair:4   | Reached XP level 14. HP: 94/94 MP: 19/19
 16042 | Lair:5   | Found a frozen archway.
 16283 | Lair:6   | Entered Level 6 of the Lair of Beasts
 16388 | Lair:6   | Got the Disquisition on Clay and Enchantment
 16444 | Lair:6   | Identified the +5 eveningstar of Excruciating Pain {vorpal,
                  | rF++ Int-4 Dex+7} (Okawaru gifted it to you on level 6 of
                  | the Lair of Beasts)
 16444 | Lair:6   | Received a gift from Okawaru
 16646 | Lair:6   | Found a runed translucent door.
 16648 | Lair:6   | Found a shimmering altar of Xom.
 16648 | Lair:6   | Noticed Jipob's ghost (adept MiBe)
 16677 | Lair:6   | Found a viscous altar of Jiyva.
 16677 | Lair:6   | Found a staircase to the Slime Pits.
 17665 | Lair:6   | Reached XP level 15. HP: 66/101 MP: 21/21
 17675 | Lair:6   | Received a gift from Okawaru
 17943 | Lair:6   | Found a corrupted altar of Lugonu.
 17943 | Lair:6   | Found a one-way gate to the infinite horrors of the Abyss.
 18136 | Lair:6   | Killed Jipob's ghost
 18573 | D:10     | Entered Level 10 of the Dungeon
 18697 | D:10     | Found a hide-covered altar of Uskayaw.
 19013 | D:10     | Found a portal to a secret trove of treasure.
 19063 | D:10     | Found a staircase to the Orcish Mines.
 19806 | D:11     | Reached skill level 15 in Shields
 19830 | D:11     | Reached skill level 15 in Fighting
 20269 | Orc:1    | Entered Level 1 of the Orcish Mines
 20271 | Orc:1    | Noticed Josephine
 20272 | Orc:1    | Found Tuxzaxt's Assorted Antiques.
 20278 | Orc:1    | Received a gift from Okawaru
 20281 | Orc:1    | Killed Josephine
 20306 | Orc:1    | Found Xaunga Cedeh's Book Shoppe.
 20322 | Orc:1    | Paralysed by an orc sorcerer for 2 turns
 20594 | Orc:1    | Found Loevumpo's General Store.
 20622 | Orc:1    | Bought a potion of heal wounds for 75 gold pieces
 20628 | Orc:1    | Found Lasetaut's General Store.
 20648 | Orc:1    | Noticed an orc warlord
 20780 | Orc:1    | Killed an orc warlord
 21158 | Orc:1    | Bought a scroll of blinking for 90 gold pieces
 21158 | Orc:1    | Bought a scroll of blinking for 90 gold pieces
 21206 | Orc:2    | Entered Level 2 of the Orcish Mines
 21207 | Orc:2    | Noticed Sonja
 21215 | Orc:2    | Killed Sonja
 21330 | Orc:2    | Found a staircase to the Elven Halls.
 21366 | Orc:1    | Found Efadoboj's Book Shop.
 21414 | Orc:1    | Received a gift from Okawaru
 21753 | Orc:2    | Noticed Azrael
 21796 | Orc:2    | Gained mutation: You occasionally shout uncontrollably at
                  | your foes. [a neqoxec]
 21803 | Orc:2    | Gained mutation: Your spells are a little easier to cast,
                  | but a little less powerful. [a neqoxec]
 21804 | Orc:2    | Killed Azrael
 21813 | Orc:2    | Gained mutation: You sometimes lose the ability to read
                  | scrolls when taking damage. [a neqoxec]
 21825 | Orc:2    | Lost mutation: Your spells are a little easier to cast, but
                  | a little less powerful. [potion of mutation]
 21825 | Orc:2    | Lost mutation: You sometimes lose the ability to read
                  | scrolls when taking damage. [potion of mutation]
 21825 | Orc:2    | Gained mutation: You sometimes lose the ability to read
                  | scrolls when taking damage. [potion of mutation]
 21826 | Orc:2    | Lost mutation: You sometimes lose the ability to read
                  | scrolls when taking damage. [potion of mutation]
 21826 | Orc:2    | Gained mutation: Your spells are a little easier to cast,
                  | but a little less powerful. [potion of mutation]
 21826 | Orc:2    | Gained mutation: You are covered in fur. (AC +1) [potion of
                  | mutation]
 22177 | Orc:2    | Reached XP level 16. HP: 56/110 MP: 18/22
 22182 | Orc:2    | Received a gift from Okawaru
 22388 | Orc:2    | Found Bugycvur's Distillery.
 22391 | Orc:2    | Found Beup's Armour Boutique.
 22398 | Orc:2    | Found Jops's Armour Boutique.
 22400 | Orc:2    | Found Zudutua's Distillery.
 22443 | Orc:2    | Bought a potion of heal wounds for 55 gold pieces
 22574 | Orc:2    | Bought a potion of heal wounds for 55 gold pieces
 22762 | D:12     | Found a shadowy altar of Dithmenos.
 22904 | D:12     | Noticed Nergalle
 22912 | D:12     | Killed Nergalle
 22912 | D:12     | Received a gift from Okawaru
 23789 | D:13     | You are sucked into a shaft and drop 2 floors!
 23789 | D:15     | Entered Level 15 of the Dungeon
 24465 | D:13     | Found a gate to the Vaults.
 24942 | D:14     | Received a gift from Okawaru
 25361 | D:15     | Found a staircase to the Depths.
 25828 | D:15     | Found a bloodstained altar of Trog.
 26507 | Lair:1   | Killed trendoffender's ghost
 26654 | Lair:3   | Killed pkoi's ghost
 26758 | Shoals:1 | Entered Level 1 of the Shoals
 27174 | Shoals:1 | Reached XP level 17. HP: 82/117 MP: 23/23
 27550 | Shoals:1 | Found a runed translucent door.
 27550 | Shoals:1 | Found a shimmering altar of Xom.
 27550 | Shoals:1 | Noticed fearitself's ghost (adept MiBe)
 27796 | Shoals:1 | Received a gift from Okawaru
 28038 | Shoals:2 | Noticed Nikola
 28038 | Shoals:2 | Noticed Aizul
 28055 | Shoals:2 | Killed Aizul
 28313 | Shoals:2 | Killed Nikola
 29407 | Shoals:3 | Identified the +6 hand axe "Raibb" {holy, *Noise rN++ Str+4
                  | SInv}
 30003 | Shoals:3 | Received a gift from Okawaru
 31042 | Shoals:4 | Entered Level 4 of the Shoals
 31802 | Shoals:4 | Noticed Louise
 31816 | Shoals:4 | Cast into level 3 of the Abyss (Louise)
 32022 | Abyss:3  | Noticed a tentacled starspawn
 32032 | Abyss:3  | Killed a tentacled starspawn
 32033 | Abyss:3  | Found an ancient bone altar of Kikubaaqudgha.
 32122 | Abyss:4  | Found a corrupted altar of Lugonu.
 32204 | Abyss:4  | Noticed a tentacled starspawn
 32211 | Abyss:4  | Killed a tentacled starspawn
 32211 | Abyss:4  | Received a gift from Okawaru
 32211 | Abyss:4  | Found the +8 storm bow {elec, penet}
 32217 | Shoals:4 | Escaped the Abyss
 32401 | Shoals:4 | Reached XP level 18. HP: 120/125 MP: 19/19
 32637 | Shoals:4 | Killed Louise
 33302 | Shoals:4 | Identified the +6 hand crossbow of the Hundredfold Teeth
                  | {penet, Dex+6}
 33392 | Shoals:4 | Received a gift from Okawaru
 33838 | Shoals:4 | Got a barnacled rune of Zot
 33866 | Shoals:4 | Identified the +1 scimitar of Evisceration {drain, *Slow
                  | Int+3 SInv}
 34274 | Snake:1  | Entered Level 1 of the Snake Pit
 34986 | Snake:1  | Found a runed translucent gate.
 34987 | Snake:1  | Found a runed translucent gate.
 34987 | Snake:1  | Found a runed translucent gate.
 35793 | Snake:2  | Noticed Donald
 35800 | Snake:2  | Killed Donald
 36226 | Snake:2  | Received a gift from Okawaru
 36244 | Snake:2  | Found a runed translucent gate.
 36244 | Snake:2  | Found a runed translucent gate.
 36249 | Snake:2  | Found an opulent altar of Gozag.
 36250 | Snake:2  | Found a runed translucent gate.
 36250 | Snake:2  | Found Debbivain's Assorted Antiques.
 36250 | Snake:2  | Noticed TheGamechu's ghost (journeyman MiBe)
 36251 | Snake:2  | Found Emarit's Assorted Antiques.
 36598 | Snake:2  | Reached XP level 19. HP: 132/132 MP: 25/25
 36627 | Snake:2  | Identified the +7 falchion "Idoclim" {vamp, Int+3 Dex+3}
 38164 | Snake:3  | Found Nycasyer's General Store.
 38166 | Snake:3  | Found Butatut's Distillery.
 38166 | Snake:3  | Found Gimiafow's Weapon Shop.
 38169 | Snake:3  | Found Usawkiagy's Antique Armour Shop.
 38194 | Snake:3  | Bought a potion of heal wounds for 70 gold pieces
 38377 | Snake:3  | Found a runed translucent door.
 38692 | Snake:3  | Noticed Eryximachus's ghost (adept TeAE)
 39006 | Snake:3  | Acquired 959 gold pieces
 39008 | Snake:3  | Bought the +18 shield of the Gong {rElec rN+ Will+ EV-5}
                  | for 3502 gold pieces
 39008 | Snake:3  | Found the +18 shield of the Gong {rElec rN+ Will+ EV-5}
 39113 | Snake:4  | Entered Level 4 of the Snake Pit
 39328 | Snake:4  | Identified the -1 pair of gloves "Pighycon" {Slay+6}
                  | (Okawaru gifted it to you on level 4 of the Snake Pit)
 39328 | Snake:4  | Received a gift from Okawaru
 40726 | Snake:4  | Reached skill level 15 in Maces & Flails
 40934 | Snake:4  | Got a serpentine rune of Zot
 41718 | Snake:2  | Killed TheGamechu's ghost
 41719 | Snake:2  | Reached XP level 20. HP: 133/140 MP: 19/26
 41776 | Snake:2  | Bought a scroll of blinking for 202 gold pieces
 41780 | Snake:2  | Bought a runed helmet for 202 gold pieces
 42002 | Elf:1    | Entered Level 1 of the Elven Halls
 42013 | Elf:1    | Paralysed by an air elemental for 1 turns
 42223 | Orc:2    | Acquired a ring "Guli" {rPois rF++ Will+ Str+9 Stlth-}
 42305 | Elf:1    | Acquired 1068 gold pieces
 42555 | Elf:1    | Received a gift from Okawaru
 42949 | Elf:2    | Found Dimiuwn's Armour Boutique.
 43215 | Elf:2    | Found Pirajaun's Magic Scroll Boutique.
 43224 | Elf:2    | Bought a scroll of blinking for 90 gold pieces
 43224 | Elf:2    | Bought a scroll of teleportation for 36 gold pieces
 43400 | Elf:2    | Found a runed translucent gate.
 43401 | Elf:2    | Found a runed translucent gate.
 43401 | Elf:2    | Found a runed translucent gate.
 43632 | Elf:2    | Cast into level 2 of the Abyss (+2 quick blade of
                  | distortion)
 43734 | Abyss:2  | Found a corrupted altar of Lugonu.
 43872 | Abyss:2  | Received a gift from Okawaru
 43930 | Elf:2    | Escaped the Abyss
 44380 | Elf:3    | Entered Level 3 of the Elven Halls
 44523 | Elf:3    | Found a transporter.
 44524 | Elf:3    | Noticed fortune76's ghost (adept DjIE)
 44546 | Elf:3    | Found a transporter.
 45113 | Elf:3    | Identified the +8 great mace "Rasum" {venom, rPois Will+
                  | Dex+4}
 45148 | Elf:3    | Identified the +7 short sword of Tortfeasance {drain, Str+3
                  | Dex-4}
 45153 | Elf:3    | Noticed a Brimstone Fiend
 45154 | Elf:3    | Identified the amulet "Faleteh" {Acrobat Dex+5}
 45162 | Elf:3    | Noticed a Tzitzimitl
 45206 | Elf:2    | Reached XP level 21. HP: 43/148 MP: 27/27
 45882 | Elf:3    | Received a gift from Okawaru
 46042 | Elf:3    | Identified the +7 falchion of a volcano {vorpal, rPois
                  | Will++ Int+2}
 46174 | Elf:3    | Identified the +10 halberd of the Artisans {flame, rC+
                  | rCorr Int+3 Dex+3}
 46364 | Elf:3    | Identified the +2 cloak of Mouluth {Rampage rF- Str+9}
 46738 | Elf:3    | Killed fortune76's ghost
 46759 | Elf:3    | Identified the ring "Atoimeuz" {rF+ rN+ rCorr Str-2 Stlth+}
 47072 | Snake:3  | Bought the ring of Qavuitup {*Corrode rC+++ Str+6 Int+9
                  | Stlth-} for 1954 gold pieces
 47376 | Vaults:1 | Entered Level 1 of the Vaults
 47567 | D:13     | Received a gift from Okawaru
 48121 | Vaults:1 | Received a gift from Okawaru
 48182 | Vaults:1 | Reached skill level 15 in Armour
 48516 | Vaults:1 | Found Vojapsaz's Assorted Antiques.
 49303 | Vaults:2 | Reached XP level 22. HP: 160/160 MP: 28/28
 49515 | Vaults:2 | Noticed Frederick
 49528 | Vaults:2 | Killed Frederick
 49528 | Vaults:2 | Identified the +0 helmet of Zearuorph {Rampage Fly rN+}
                  | (Okawaru gifted it to you on level 2 of the Vaults)
 49528 | Vaults:2 | Received a gift from Okawaru
 50157 | Vaults:3 | Found a staircase to the Crypt.
 50756 | Vaults:3 | You are sucked into a shaft and drop 1 floor!
 51703 | Vaults:3 | Received a gift from Okawaru
 52302 | Vaults:4 | Reached XP level 23. HP: 167/167 MP: 29/29
 52345 | Vaults:4 | Found Nunkepha's Book Shop.
 52738 | Vaults:4 | Received a gift from Okawaru
 52738 | Vaults:4 | Found the +13 scythe of Curses {drain, Drain}
 53844 | Depths:1 | Entered Level 1 of the Depths
 53859 | Depths:1 | Noticed a golden dragon
 53861 | Depths:1 | Noticed Sojobo
 53869 | D:15     | Killed a golden dragon
 54088 | D:15     | Killed Sojobo
 54228 | Depths:1 | Received a gift from Okawaru
 55058 | Depths:1 | Found a gateway to a ziggurat.
 55078 | Depths:1 | Found a gateway to Hell.
 55110 | Depths:1 | Found a broken altar of Ashenzari.
 55179 | Depths:1 | Found Taurexko's Jewellery Boutique.
 55187 | Depths:1 | Found Riaplot's Book Shoppe.
 55188 | Depths:1 | Found Buloma Peich's Jewellery Boutique.
 55825 | Depths:2 | Reached XP level 24. HP: 131/175 MP: 29/29
 55976 | Depths:2 | Received a gift from Okawaru
 57412 | Depths:3 | Received a gift from Okawaru
 58335 | Depths:3 | Found a one-way gate leading to the halls of Pandemonium.
 58600 | Depths:4 | Noticed the Enchantress
 58615 | Depths:4 | Killed the Enchantress
 58633 | Depths:4 | Found a radiant altar of Vehumet.
 58636 | Depths:4 | Noticed Jory
 58672 | Depths:3 | Received a gift from Okawaru
 58865 | Depths:4 | Killed Jory
 59000 | Depths:4 | Reached XP level 25. HP: 178/182 MP: 29/29
 59055 | Depths:4 | Noticed a juggernaut
 59178 | Depths:3 | Killed a juggernaut
 59376 | Depths:4 | Received a gift from Okawaru
 59466 | Depths:4 | Found a snail-covered altar of Cheibriados.
 60253 | Depths:4 | Identified the +2 robe of the Other Side {Str+2}
 60283 | Depths:5 | Entered Level 5 of the Depths
 60449 | Depths:5 | Identified the +4 scale mail of Bad Feelings {rPois rC+}
                  | (Okawaru gifted it to you on level 5 of the Depths)
 60449 | Depths:5 | Received a gift from Okawaru
 60520 | Depths:5 | Found a gate to the Realm of Zot.
 60642 | Depths:5 | Found an ornate altar of the Wu Jian Council.
 61982 | Vaults:5 | Entered Level 5 of the Vaults
 62172 | Vaults:4 | Reached XP level 26. HP: 156/190 MP: 9/29
 62501 | Vaults:4 | Identified the +1 chain mail of the Ageless Knaves {-Cast
                  | rC- Dex+7 Slay+5} (Okawaru gifted it to you on level 4 of
                  | the Vaults)
 62501 | Vaults:4 | Received a gift from Okawaru
 63006 | Vaults:5 | Noticed an ancient lich
 63028 | Vaults:4 | Killed an ancient lich
 63119 | Vaults:5 | Noticed a dread lich
 63159 | Vaults:4 | Killed a dread lich
 63830 | Vaults:5 | Received a gift from Okawaru
 64018 | Vaults:5 | Identified the +2 morningstar "Yreoqun" {freeze, rElec rF-
                  | rC+}
 64077 | Vaults:5 | Identified the amulet "Sotruj" {Acrobat Will+ MP+9 Slay+2}
 64086 | Vaults:5 | Reached skill level 27 in Fighting
 64280 | Vaults:5 | Found Mashil's Assorted Antiques.
 64287 | Vaults:5 | Bought a scroll of blinking for 315 gold pieces
 64287 | Vaults:5 | Bought a scroll of blinking for 315 gold pieces
 64290 | Vaults:5 | Got a silver rune of Zot
 64445 | Vaults:5 | Found the macabre finger necklace {rN+}
 64899 | Zot:1    | Entered Level 1 of the Realm of Zot
 64910 | Zot:1    | Reached XP level 27. HP: 199/199 MP: 9/29
 64938 | Zot:1    | Reached skill level 1 in Evocations
 64974 | Zot:1    | Identified the +1 robe "Podus" {Dex+2} (Okawaru gifted it
                  | to you on level 1 of the Realm of Zot)
 64974 | Zot:1    | Received a gift from Okawaru
 65704 | Zot:1    | Noticed an orb of fire
 65704 | Zot:1    | Gained mutation: Your natural rate of healing is unusually
                  | fast. [an orb of fire]
 65705 | Zot:1    | Gained mutation: Armour fits poorly on your strangely
                  | shaped body. [an orb of fire]
 65722 | Zot:1    | Killed an orb of fire
 65755 | Zot:1    | Reached skill level 27 in Armour
 65841 | Zot:1    | Noticed an orb of fire
 65852 | Zot:1    | Gained mutation: You are frail. (-10% HP) [an orb of fire]
 65856 | Zot:1    | Killed an orb of fire
 65857 | Zot:1    | Reached skill level 5 in Evocations
 66779 | Zot:1    | Received a gift from Okawaru
 67811 | Zot:2    | Reached skill level 10 in Evocations
 67963 | Zot:2    | Noticed an orb of fire
 67995 | Zot:2    | Killed an orb of fire
 68829 | Zot:2    | Identified the +0 tower shield of Qunov {Int+7} (Okawaru
                  | gifted it to you on level 2 of the Realm of Zot)
 68829 | Zot:2    | Received a gift from Okawaru
 70637 | Zot:4    | Killed from afar by a black draconian scorcher

Illustrated notes

Levels and vault maps discovered:
D:1:      tarquinn_simple_flora_water_c, layout_loops_cross,
          shapermc_ecumenical_altar_petra, serial_forest,
          infiniplex_forest_lined_corner, infiniplex_forest_clump_tiny,
          infiniplex_forest_zigzag_1, infiniplex_forest_straight_4,
          minmay_door_square, minmay_close_crescents
D:2:      minmay_roachtagon, layout_rooms, serial_shops,
          nicolae_shop_window_shopping, basic_altar, minmay_tetromino_i2
D:3:      layout_loops_corners, serial_glass, glass_columns_a, glass_columns_a,
          glass_columns_a, glass_columns_a, hangedman_decor_opposing,
          kennysheep_generic_room_5, uniq_sigmund
D:4:      layout_basic, mainiacjoe_overflow_chevrons, nrook_campfire
D:5:      layout_basic, lemuel_coloured_pillars_altar, roderic_lattice_a
D:6:      layout_basic, bloody_makhleb, kennysheep_generic_room_15
D:7:      layout_cave_pods, minmay_temple_entry_antechambers,
          minmay_hollow_rounded_squares
D:8:      minmay_the_grid_octo_2x2 [minmay_the_grid_octo_checkerflower,
          minmay_the_grid_octo_thin_diamonds, minmay_the_grid_octo_empty,
          minmay_the_grid_octo_prize_big_c], layout_rooms,
          chequers_temple_overflow_statue_of_worship, uniq_prince_ribbit1,
          uniq_maggie, uniq_harold
D:9:      layout_rooms, dpeg_oklobed_lair, uniq_grum
D:10:     layout_irregular_city, lemuel_crystal_altar, orc_0_dummy,
          nicolae_trove_entry_columns
D:11:     layout_cave_pods, special_room [special_room_bee], solitary_fountain
D:12:     layout_loops_corners, st_stairs_9,
          nicolae_dithmenos_through_a_glass_darkly, uniq_nergalle
D:13:     layout_stronghold, david_vaults_1, minmay_misc_feat_diagonals
D:14:     layout_roguey, hangedman_decor_riveting
D:15:     gammafunk_depths_entry_grave, layout_loops_ring, tgw_trog
Temple:   eino_temple_lava
Lair:1:   minmay_guarded_unrand_snakebite, layout_regular_city,
          gammafunk_ghost_ooze, serial_bayou_shore_b
Lair:2:   layout_roguey, minmay_snake_entry_six_corridors
Lair:3:   layout_roguey, maelrawn_ghost_gauntlet_escape, lemuel_oklob_altar,
          infiniplex_staircase_pool_2
Lair:4:   layout_regular_city, minmay_shoals_entry_beasts
Lair:5:   layout_small_grid, portal_ice_cave_entry_ice_simulacra,
          grunt_megastairs_2
Lair:6:   hellmonk_lair_end_abyssal_woods, layout_gridlike,
          dpeg_slime_entry_enclosed_altar, ebering_ghost_xom,
          infiniplex_staircase_pool, serial_bayou_shore_a, lemuel_fruit_tree
Shoals:1: layout_shoals, ebering_ghost_xom
Shoals:2: layout_shoals, uniq_aizul, uniq_nikola
Shoals:3: nzn_motion_control, layout_shoals, nicolae_shoals_water_booths
Shoals:4: shoals_end_hellmonk_lost_city, uniq_louise
Snake:1:  layout_chambers, nicolae_snake_horde_hoard
Snake:2:  layout_chambers, ebering_ghost_gozag, grunt_megastairs_4, uniq_donald
Snake:3:  layout_chambers, ebering_ghost_inner_flame, grunt_ministairs_2,
          minmay_shoptagon
Snake:4:  hellmonk_snake_rune_quicksilver_temple, layout_onion_interference,
          special_room, grunt_megastairs_1
Orc:1:    lemuel_ogre_cave, layout_diamond_mine, serial_shops, shop, shop,
          nicolae_shop_behind_doors, shop, nicolae_diamond_shop, special_room
          [special_room_kobold], rock_pile, uniq_josephine
Orc:2:    st_orc_elflike, layout_caves, uniq_azrael, uniq_sonja
Elf:1:    eino_elf_arrival_the_gate, layout_gridlike, hangedman_corner_corridor
Elf:2:    nicolae_elf_blades_crystal_corner, layout_geoelf_grid, serial_shops,
          nicolae_shop_stone, nicolae_stop_n_shop_1
Elf:3:    minmay_elf_hall_spiked, layout_geoelf_castle,
          gammafunk_ghost_berserking_beasts, st_stairs_4
Vaults:1: v_pattern_4, v_rooms_1, vaults_mumra_hexcomb, v_alt_pattern_2,
          nicolae_vaults_angled_halls, nicolae_vaults_quartermaster,
          vaults_room_large_hall, ontoclasm_vaults_decontamination,
          vaults_mumra_chevron_long, v_alt_pattern_1,
          vaults_room_stairs_pillars, ontoclasm_vaults_twist,
          layout_vaults_big_room, serial_shops, nicolae_shop_overgrown_old_shop
Vaults:2: hangedman_vaults_corner_blocks, nicolae_vaults_yaktaur_gun_rack,
          v_misc_27, nicolae_vaults_little_squares_4, vaults_room_fancy_cross,
          v_misc_3, layout_vaults_quadrants, uniq_frederick
Vaults:3: hangedman_vaults_stretched_pinwheel, minmay_crypt_entry_simple_round,
          v_misc_12, nicolae_vaults_fighting_squares, vaults_room_large_hall,
          grunt_vaults_hallway_long, hangedman_vaults_nails,
          nicolae_vaults_three_branches, layout_vaults_omnibox
Vaults:4: nicolae_vaults_minivaults, hangedman_vaults_maws,
          ontoclasm_vaults_shuriken, vaults_room_fancy_cross,
          nicolae_vaults_little_squares_6, nicolae_vaults_rhombus_7,
          vaults_dpeg_ring, v_misc_2, v_misc_24, v_misc_29,
          hangedman_vaults_stretched_pinwheel, vaults_mumra_minichess_inversion,
          nicolae_vaults_angled_halls, ontoclasm_vaults_eye,
          vaults_dpeg_encased_lava, vaults_room_hallway, layout_vaults_maze,
          serial_shops, shop
Vaults:5: serial_shops
Depths:1: layout_basic, enter_ziggurat_a, hangedman_coc_ice_floe,
          hangedman_abyss_or_decor_jellyfish_corner,
          ashenzari_conservatory_becter, kennysheep_random_hallway,
          minmay_shop_grove, serial_bayou_shore_b, uniq_sojobo
Depths:2: nzn_winding_woodlands_cross [nzn_winding_woodlands_5x15_split_checker,
          nzn_winding_woodlands_5x15_parted, nzn_winding_woodlands_5x15_default,
          nzn_winding_woodlands_5x15_jagged,
          nzn_winding_woodlands_15x15_killbox], layout_honeycomb, hell_entry
Depths:3: grated_community_mu [grated_community_mu_vampire_home,
          grated_community_mu_giant_home, grated_community_mu_spellcaster_home,
          grated_community_mu_orcish_home, grated_community_mu_troll_home,
          grated_community_mu_taur_home, grated_community_mu_unbuilt_plot],
          layout_gridlike, grunt_pan_entry_zigzag, hell_entry,
          infiniplex_staircase_door_maze
Depths:4: minmay_expanding_squares, layout_cave_shapes, hell_entry, abyss_entry,
          rand_demon_pan_entry_4, fiery_altar_vehumet, cheibrodos_worm_habitat,
          uniq_jory, uniq_enchantress
Depths:5: evilmike_zot_entry_hall, layout_basic, hellmouth_2,
          nicolae_wu_jian_wuxing_cycle
Zot:1:    hangedman_zot_vaults_quadrants, layout_cathedral_of_symmetry
Zot:2:    grunt_zot_stairs_mandelzot, layout_cellular_growth,
          grunt_ministairs_2, hangedman_elemental_corridor
Zot:3:    layout_cathedral_of_symmetry, grunt_megastairs_5
Zot:4:    layout_misc_corridors

Skill      XL: |  1  2  3  4  5  6  7  8  9 10 11 12 13 14 15 16 17 18 19 20 21 22 23 24 25 26 27 |
---------------+----------------------------------------------------------------------------------+-----
Armour         | 4 5 6 8 9 10 11 12 15 18 20 22 24 26 27 | 27.0
Fighting       | 4 5 6 8 9 10 12 13 14 15 17 18 19 20 21 23 24 25 26 27 | 27.0
Maces & Flails | 3 4 5 7 8 9 10 12 13 15 16 | 16.0
Shields        | 4 5 6 8 9 10 12 13 14 16 18 20 22 25 | 25.0
Invocations    | 5 7 8 |  8.0
Evocations     | 13 | 13.1

Action                   |  1- 3 |  4- 6 |  7- 9 | 10-12 | 13-15 | 16-18 | 19-21 | 22-24 | 25-27 || total
-------------------------+-------+-------+-------+-------+-------+-------+-------+-------+-------++-------
Melee: Flail             |    77 |       |       |    82 |       |       |       |       |       ||   159
       Whip              |    47 |   125 |   264 |   597 |   603 |       |       |       |       ||  1636
       Eveningstar       |       |       |       |       |   713 |  1475 |  1323 |  1324 |   332 ||  5167
       Demon whip        |       |       |       |       |       |       |       |       |  1845 ||  1845
Throw: Throwing net      |       |       |       |       |       |     1 |       |       |       ||     1
Invok: Heroism           |       |       |       |       |     4 |     8 |     6 |    15 |    13 ||    46
       Finesse           |       |       |       |       |     2 |     4 |     5 |     9 |     9 ||    29
Evoke: Wand              |       |       |       |     5 |       |     7 |       |       |       ||    12
  Use: Scroll            |     2 |     5 |    10 |     5 |     6 |     6 |     7 |     3 |     3 ||    47
       Potion            |       |     1 |     2 |     2 |     6 |     3 |     1 |       |     2 ||    17
 Stab: Invisible         |       |       |       |       |     2 |       |       |       |       ||     2
       Petrifying        |       |       |       |       |       |     2 |       |       |       ||     2
       Distracted        |       |       |       |       |       |       |       |       |     1 ||     1
Armor: Scale mail        |    17 |       |       |       |       |       |       |       |       ||    17
       Plate armour      |    53 |    57 |   183 |   398 |   119 |       |       |       |       ||   810
       Crystal plate arm |       |       |       |       |   455 |   873 |   543 |   633 |   856 ||  3360
       Skin              |       |       |       |       |     3 |       |       |       |       ||     3
Dodge: Dodged            |    29 |    19 |    42 |    96 |    90 |   170 |    52 |    98 |   100 ||   696
Block: Kite shield       |    60 |    45 |   135 |   135 |       |       |  1734 |  2115 |  2534 ||  6758
       Tower shield      |       |       |       |   481 |  1460 |  2223 |   419 |       |       ||  4583
       Reflection        |       |       |       |       |    36 |   209 |   205 |    59 |    69 ||   578
